 Dungeon Crawl Stone Soup version 0.18.1-1-g2f07953 (webtiles) character file.

341 AVATAR8128 the Grave Robber (level 6, -24/41 HPs)
             Began as a Human Necromancer on Aug 24, 2016.
             Was an Initiate of Gozag.
             Annihilated by an ogre
             ... wielding a +0 giant spiked club
              (28 damage)
             ... on level 7 of the Dungeon on Aug 25, 2016.
             The game lasted 01:21:58 (3396 turns).

AVATAR8128 the Grave Robber (Human Necromancer)     Turns: 3396, Time: 01:21:59

Health: -24/41     AC:  5    Str:  8    XL:     6   Next: 87%
Magic:  1/12       EV:  8    Int: 17    God:    Gozag
Gold:   249        SH:  0    Dex: 14    Spells: 5 memorised, 1 level left

rFire  . . .     SeeInvis .     j - +2 short sword
rCold  . . .     Gourm    .     n - +2 robe
rNeg   . . .     Faith    .     (no shield)
rPois  .         Spirit   .     (no helmet)
rElec  .         Dismiss  .     (no cloak)
rCorr  .         Reflect  .     B - +0 pair of gloves
SustAt +         Harm     .     (no boots)
MR     .....                    (no amulet)
Stlth  ++........               (no ring)
                                i - ring of sustain attributes

@: not resistant to hostile enchantments, unstealthy
A: no striking features
a: Potion Petition, Call Merchant, Bribe Branch, Renounce Religion


You were on level 7 of the Dungeon.
You worshipped Gozag.
Gozag was noncommittal.
You were not hungry.

You visited 1 branch of the dungeon, and saw 6 of its levels.

You collected 249 gold pieces.

Inventory:

Hand Weapons
 j - a +2 short sword (weapon)
 q - a +0 hunting sling
Missiles
 a - 53 sling bullets
 d - 70 stones (quivered)
 e - 45 arrows
 h - 18 bolts
 o - 14 poisoned needles
Armour
 n - a +2 robe (worn)
 r - a +0 scale mail of cold resistance
 B - a +0 pair of gloves (worn)
Jewellery
 i - a ring of sustain attributes (left hand)
Wands
 p - a wand of slowing (24/48)
 A - a wand of flame (19/48)
Scrolls
 f - a scroll of amnesia
 u - a scroll of teleportation
 w - a scroll of magic mapping
 y - a scroll of blinking {unknown}
Potions
 g - a potion of cancellation {unknown}
 l - a potion of lignification
 s - a potion of agility {unknown}
 v - a potion of degeneration {unknown}
 z - a potion of brilliance {unknown}
Books
 b - a book of Necromancy

   Spells                             Type                      Level
   a - Pain                           Necromancy                   1
   b - Animate Skeleton               Necromancy                   1
   c - Vampiric Draining              Necromancy                   3
   d - Regeneration                   Charms/Necromancy            3
   e - Animate Dead                   Necromancy                   4
   f - Control Undead                 Necromancy                   4
 m - a book of Battle

   Spells                             Type                      Level
   a - Infusion                       Charms                       1
   b - Shroud of Golubria             Charms/Translocation         2
   c - Song of Slaying                Charms                       2
   d - Spectral Weapon                Hexes/Charms                 3
   e - Regeneration                   Charms/Necromancy            3
Comestibles
 c - 2 bread rations
 k - a beef jerky
 x - a meat ration


   Skills:
 + Level 0.4 Short Blades
 + Level 2.4 Dodging
 - Level 2.0 Stealth
 * Level 4.5 Spellcasting
 * Level 5.9 Necromancy


You had one spell level left.
You knew the following spells:

 Your Spells              Type           Power        Failure   Level  Hunger
a - Pain                  Necr           ###.         1%          1    None
b - Animate Skeleton      Necr           N/A          1%          1    None
c - Vampiric Draining     Necr           ###.......   4%          3    ###....
d - Animate Dead          Necr           N/A          14%         4    ####...
e - Control Undead        Necr           ###.......   14%         4    ####...


Dungeon Overview and Level Annotations

Branches:
Dungeon (7/15)
 Temple: D:4-7

Altars:
Gozag

Annotations:
D:7 Edmund


Message History

There is a stone staircase leading up here.
Edmund hits you with a flail of protection!
The ogre barely misses you.
You climb upwards.
The giant cockroach misses you. The giant cockroach barely misses you.
There is a stone staircase leading down here.
Edmund hits you with a flail of protection.
The giant cockroach bites you but does no damage.
The ogre closely misses you.
You climb downwards.
There is a stone staircase leading up, spattered with blood here.
The giant cockroach closely misses you.
The ogre hits you with a giant spiked club!
* * * LOW HITPOINT WARNING * * *
There is a stone staircase leading up, spattered with blood here.
The giant cockroach closely misses you.
The ogre hits you with a giant spiked club!!
Ouch! That really hurt!
You die...
Your body crumbles into a pile of gold.

###### #....# #....#
#....###### #####
####....#[...##....###
.......................
...........<#.##.#..##.
#########sO@#....# ...
#..@.###### #
####.#####
#.####.......#
#............#
#####........#
###.....)....#
#............#
#............#
#............#


You could see Edmund, an ogre and a giant cockroach.

Vanquished Creatures
  A scorpion (D:6)
  A giant frog skeleton (D:6)
  Natasha (thrice) (D:3)
  A worker ant (D:4)
  8 adders
  An ooze (D:2)
  2 worms (D:2)
  2 dart slugs
  2 giant geckos
  3 orcs
  A ball python (D:3)
  5 giant cockroaches
  4 goblins
  8 hobgoblins
  6 jackals
  2 quokkas
  2 bats (D:1)
  3 giant newts
  13 kobolds
  5 rats
73 creatures vanquished.

Vanquished Creatures (collateral kills)
  An ooze (D:1)
  3 giant geckos
  A ball python (D:3)
  A giant newt (D:2)
  A goblin (D:3)
  2 rats
9 creatures vanquished.

Grand Total: 82 creatures vanquished

Notes
Turn   | Place    | Note
--------------------------------------------------------------
     0 | D:1      | AVATAR8128 the Human Necromancer began the quest for the Orb.
     0 | D:1      | Reached XP level 1. HP: 13/13 MP: 3/3
    65 | D:1      | Learned a level 1 spell: Animate Skeleton
    90 | D:1      | Reached XP level 2. HP: 15/19 MP: 1/5
   444 | D:1      | Reached XP level 3. HP: 18/24 MP: 4/6
   449 | D:1      | Learned a level 3 spell: Vampiric Draining
  1135 | D:2      | Reached XP level 4. HP: 27/30 MP: 3/8
  1313 | D:2      | Reached skill level 5 in Necromancy
  1585 | D:2      | Reached XP level 5. HP: 27/35 MP: 0/9
  1652 | D:2      | Learned a level 4 spell: Animate Dead
  2324 | D:3      | Noticed Natasha
  2331 | D:3      | Killed Natasha
  2334 | D:3      | Noticed Natasha
  2342 | D:3      | Killed Natasha
  2372 | D:3      | Noticed Natasha
  2375 | D:3      | Killed Natasha
  2375 | D:3      | Reached XP level 6. HP: 29/41 MP: 2/11
  2510 | D:3      | Found a faded altar to an unknown god.
  2519 | D:3      | Became a worshipper of Gozag Ym Sagoz the Greedy
  2951 | D:4      | You fall through a shaft for 2 floors!
  3323 | D:7      | Learned a level 4 spell: Control Undead
  3355 | D:6      | Noticed Edmund
  3362 | D:6      | Noticed an ogre
  3396 | D:7      | Annihilated by an ogre

Skill      XL: |  1  2  3  4  5  6 |
---------------+-------------------+-----
Spellcasting   | 3 4 |  4.5
Necromancy     | 5 |  5.9
Short Blades   | |  0.4
Dodging        | |  2.4
Stealth        | |  2.0

Action                   |  1- 3 |  4- 6 || total
-------------------------+-------+-------++-------
Melee: Unarmed           |     5 |       ||     5
       Short sword       |     8 |    35 ||    43
 Cast: Pain              |    42 |   103 ||   145
       Animate Skeleton  |     3 |     9 ||    12
       Vampiric Draining |       |     5 ||     5
       Control Undead    |       |     3 ||     3
       Animate Dead      |       |     2 ||     2
Invok: Potion Petition   |       |     1 ||     1
  Use: Scroll            |     5 |     4 ||     9
       Potion            |       |     4 ||     4
  Eat: Chunk             |     1 |     4 ||     5
       Fruit             |       |     4 ||     4
       Meat ration       |       |     1 ||     1
Armor: Robe              |     5 |    30 ||    35
Dodge: Dodged            |    17 |    78 ||    95
